cohdb
Replays
Latest Replays
All Replays
Popular Replays
Top Player Replays
Match Explorer
How It Works
Community
CoH3 Stats
Reddit
Sign in to upload your games and track your stats! →
Sign in with Steam
Match 30125464
Unlisted
Match 30125464
Overview
Messages
Build Orders
End
Construct Barracks
Riflemen Squad
Engineer Squad
Riflemen Squad
Riflemen Squad
Construct Weapon Support Center
Selects Advanced Infantry Battlegroup
Selects Advanced Infantry Battlegroup
Infantry Support Center
Selects Convert to Ranger Squad
Convert to Ranger Squad
Munitions Surplus
Convert to Ranger Squad
Selects Frontline Medical Station
Frontline Medical Station
Survival Training
Improved M9 Bazooka Rockets
Bazooka Squad
Convert to Ranger Squad
Selects Ranger Weapon Training
Advanced Logistics
Ranger Squad
Ranger Squad
Bazooka Squad
hhh3350
弓弦
Leo Nev
zsa_apolinar
Skibana
iAinEng
Akaxiya
r25yp979yk
0
0
Comments
sign in to comment!
No comments posted yet!